 Dungeon Crawl Stone Soup version 0.31.0-32-g396128a36d (webtiles) character file.

Game seed: 16561640761567972103

1913 PaiMei the Scholar of Death (level 8, -8/65 HPs)
             Began as a Demonspawn Necromancer on Apr 1, 2024.
             Was a Follower of Kikubaaqudgha.
             Mangled by a manticore (11 damage)
             ... on level 6 of the Dungeon.
             The game lasted 00:08:11 (6880 turns).

PaiMei the Scholar of Death (DsNe)                  Turns: 6880, Time: 00:08:11

Health: -8/65      AC:  9    Str:  9    XL:     8   Next: 95%
Magic:  0/15       EV: 18    Int: 18    God:    Kikubaaqudgha [*.....]
Gold:   302        SH:  0    Dex: 13    Spells: 9/17 levels left

rFire   . . .        a - +1 whip (freeze)
rCold   . . .        (no shield)
rNeg    . . .        c - +0 steam dragon scales
rPois   .            y - +0 helmet
rElec   .            (no cloak)
rCorr   .            l - +0 pair of gloves
SInv    .            (no boots)
Will    .....        g - amulet of regeneration
Stlth   ++           (no ring)
HPRegen 1.10/turn    (no ring)
MPRegen 0.14/turn

%: no passive effects
@: agile
A: yellow scales 1, powered by pain 2, demonic touch 1
a: Renounce Religion, Unearth Wretches


You were on level 6 of the Dungeon.
You worshipped Kikubaaqudgha.
Kikubaaqudgha was aware of your devotion.
You visited 2 branches of the dungeon, and saw 7 of its levels.

You collected 302 gold pieces.

Inventory:

Hand Weapons
 a - a +1 whip of freezing (weapon)
 r - a +1 dagger of protection
 u - a +4 dagger
Missiles
 n - 11 poisoned darts
Armour
 c - +0 steam dragon scales (worn)
 l - a +0 pair of gloves (worn)
 y - a +0 helmet (worn)
Jewellery
 g - an amulet of regeneration (around neck)
 j - an amulet of magic regeneration
Wands
 k - a wand of flame (30)
 t - a wand of paralysis (11)
 x - a wand of digging (4)
Scrolls
 f - a scroll of fear {unknown}
 h - a scroll of fog
 m - 2 scrolls of identify
 o - a scroll of silence {unknown}
 q - a scroll of teleportation
 s - a scroll of immolation {unknown}
 v - a scroll of brand weapon {unknown}
 w - 2 scrolls of noise {unknown}
 z - a scroll of enchant armour {unknown}
 A - a scroll of vulnerability {unknown}
Potions
 b - a potion of magic
 d - a potion of attraction {unknown}
 e - a potion of heal wounds {unknown}
 i - 3 potions of curing {unknown}
 p - 2 potions of enlightenment {unknown}


   Skills:
 * Level 6.7 Fighting
 + Level 4.9 Dodging
 - Level 3.3 Stealth
 + Level 5.0 Spellcasting
 + Level 7.2 Necromancy


You had 9 spell levels left.
You knew the following spells:

 Your Spells              Type           Power      Damage    Failure   Level
a - Necrotise             Necr           100%       1d9       1%          1
b - Vampiric Draining     Necr           30%        2d8       1%          3
c - Animate Dead          Necr           30%        N/A       7%          4

Your spell library contained the following spells:

 Spells                   Type           Power      Damage    Failure   Level
 Fugue of the Fallen      Necr           30%        N/A       1%          3
 Kiss of Death            Conj/Necr      68%        2d10      3%          1
 Dispel Undead            Necr           30%        3d14      7%          4
 Cigotuvi's Dreadful Rot  Necr/Alch/Air  26%        N/A       8%          2
 Curse of Agony           Necr           30%        N/A       19%         5
 Confusing Touch          Hex            4%         N/A       36%         3
 Malign Gateway           Summ/Tloc      2%         N/A       100%        7
 Summon Horrible Things   Summ           2%         N/A       100%        8


Dungeon Overview and Level Annotations

Branches:
Dungeon (6/15)             Temple (1/1) D:4

Altars:
Ashenzari
Cheibriados
Dithmenos
Gozag
Hepliaklqana
Kikubaaqudgha
Nemelex Xobeh
Okawaru
Qazlal
Ru
Sif Muna
Trog
Uskayaw
Vehumet
Wu Jian
Xom

Shops:
D:1 [

Annotations:
D:3 2 transporters, tdove's ghost, weakling OpBr
D:5 Menkaure


Innate Abilities, Weirdness & Mutations

You are partially covered in yellow scales. (AC +2)
You sometimes gain power by taking damage.
Your touch may inflict minor irresistible damage on your foes.


Message History

Casting: Vampiric Draining (safe; 1% risk of failure)
Confirm with . or Enter, or press ? or * to list all spells.
You don't have enough magic to cast this spell.
Casting: Vampiric Draining (safe; 1% risk of failure)
Confirm with . or Enter, or press ? or * to list all spells.
You don't have enough magic to cast this spell.
Casting: Vampiric Draining (safe; 1% risk of failure)
Confirm with . or Enter, or press ? or * to list all spells.
You don't have enough magic to cast this spell.
You hit the manticore but do no damage.
You touch the manticore.
The manticore is severely wounded.
The manticore closely misses you.
The manticore claws you but does no damage.
The manticore completely misses you.
You barely miss the manticore.
The manticore is severely wounded.
The manticore bites you but does no damage.
The manticore claws you!
The manticore claws you but does no damage.
The manticore closely misses you. The manticore claws you. x2
* * * LOW HITPOINT WARNING * * *
You closely miss the manticore.
The manticore is severely wounded.
The manticore closely misses you. The manticore claws you.
* * * LOW HITPOINT WARNING * * *
The manticore claws you!
* * * LOW HITPOINT WARNING * * *
Casting: Vampiric Draining (safe; 1% risk of failure)
Confirm with . or Enter, or press ? or * to list all spells.
You don't have enough magic to cast this spell.
Casting: Vampiric Draining (safe; 1% risk of failure)
Confirm with . or Enter, or press ? or * to list all spells.
Aiming: Necrotise (safe; 1% risk of failure)
Press: ? - help, Shift-Dir - straight line, f/p - manticore
Aim: a manticore (severely wounded, chance to affect: 70%)
The manticore writhes in agony!
The manticore misses you.
The manticore claws you but does no damage.
The manticore claws you!
You die...
Kikubaaqudgha rasps: "You have failed me!
Welcome... death!"

#..........#..#
##............#
##..........##
######.......#
.## ######..#
..# #..# ..#
#..#### ..#
#...#..."###
..##
#...######.@H#
...#..##
####...# .....#
##... .....# .
.....# .....#
.....# .....#
#....#


You could see a manticore.

Vanquished Creatures
  Pikel (D:5)
  Prince Ribbit (D:5)
  A black bear (D:4)
  An ice beast (D:6)
  An ogre (D:5)
  A phantom (D:5)
  A centaur (D:6)
  A bullfrog (D:6)
  3 scorpions
  A bombardier beetle (D:4)
  3 jellies
  2 orc priests (D:6)
  A hound (D:5)
  4 iguanas (D:5)
  A sleepcap (D:5)
  An orc wizard (D:5)
  4 gnolls (D:5)
  10 adders
  A shadow imp (D:6)
  A white imp (D:5)
  4 dart slugs
  2 ribbon worms (D:2)
  14 orcs
  4 ball pythons
  3 bats
  7 endoplasms
  3 giant cockroaches
  3 goblins
  10 hobgoblins
  6 jackals
  5 kobolds
  6 quokkas
  3 frilled lizards
  4 rats
114 creatures vanquished.

Vanquished Creatures (collateral kills)
  An orc (D:4)
1 creature vanquished.

Grand Total: 115 creatures vanquished

Notes
Turn   | Place    | Note
-------+----------+-------------------------------------------
     0 | D:1      | PaiMei the Demonspawn Necromancer began the quest for the
                  | Orb.
     0 | D:1      | Reached XP level 1. HP: 13/13 MP: 3/3
   252 | D:1      | Gained mutation: You sometimes gain a little power by
                  | taking damage. [demonic ancestry]
   252 | D:1      | Reached XP level 2. HP: 19/19 MP: 1/5
   760 | D:1      | Found Coibiote's Antique Armour Shoppe.
   804 | D:1      | You fall into a shaft and drop 1 floor!
  1011 | D:2      | Gained mutation: You are partially covered in yellow
                  | scales. (AC +2) [demonic ancestry]
  1011 | D:2      | Reached XP level 3. HP: 25/25 MP: 2/6
  1015 | D:2      | Learned a level 3 spell: Vampiric Draining
  2067 | D:3      | Reached XP level 4. HP: 31/31 MP: 4/7
  2119 | D:3      | Reached skill level 1 in Fighting
  2553 | D:3      | Found a transporter.
  2554 | D:3      | Noticed tdove's ghost (weakling OpBr)
  2554 | D:3      | Noticed an ogre
  2555 | D:3      | Found a transporter.
  2556 | D:3      | Noticed an ogre
  2557 | D:3      | Noticed an ogre
  3195 | D:4      | Noticed a black bear
  3334 | D:4      | Reached skill level 5 in Necromancy
  3351 | D:4      | Reached XP level 5. HP: 14/37 MP: 0/8
  3359 | D:4      | Learned a level 4 spell: Animate Dead
  3489 | D:4      | Killed a black bear
  3662 | D:4      | Found a shadowy altar of Dithmenos.
  3752 | D:4      | Found a staircase to the Ecumenical Temple.
  3757 | Temple   | Entered the Ecumenical Temple
  3830 | Temple   | Became a worshipper of Kikubaaqudgha
  4098 | D:4      | Gained mutation: Your touch may inflict minor irresistible
                  | damage on your foes. [demonic ancestry]
  4098 | D:4      | Reached XP level 6. HP: 46/46 MP: 5/10
  4242 | D:5      | Entered Level 5 of the Dungeon
  4274 | D:5      | Noticed Pikel
  4356 | D:5      | Killed Pikel
  4357 | D:5      | Reached skill level 6 in Necromancy
  4357 | D:5      | Gained mutation: You sometimes gain power by taking damage.
                  | [demonic ancestry]
  4357 | D:5      | Reached XP level 7. HP: 25/55 MP: 0/12
  4841 | D:5      | Noticed Prince Ribbit
  4864 | D:5      | Killed Prince Ribbit
  4864 | D:5      | Reached * piety under Kikubaaqudgha
  4864 | D:5      | Received a gift from Kikubaaqudgha
  4865 | D:5      | Reached skill level 5 in Fighting
  4865 | D:5      | Reached XP level 8. HP: 44/62 MP: 4/14
  5375 | D:5      | Noticed Menkaure
  6342 | D:6      | Reached skill level 7 in Necromancy
  6703 | D:6      | Reached skill level 5 in Spellcasting
  6866 | D:6      | Noticed a manticore
  6879 | D:6      | HP: 2/65 [manticore (10)]
  6880 | D:6      | Mangled by a manticore

Illustrated notes

Levels and vault maps discovered:
D:1:      giann_horns, layout_basic, serial_shops, shop
D:2:      layout_basic, minivault_26
D:3:      layout_loops_ring, gammafunk_ghost_smash
D:4:      layout_loops_cross, grunt_dithmenos_smoke,
          minmay_temple_entry_offerings
D:5:      minmay_diamond_boxcup, layout_basic, grunt_ministairs_14,
          chequers_serial_rivers_large_a, uniq_prince_ribbit1, uniq_menkaure,
          uniq_pikel
D:6:      layout_cave_pods
Temple:   minmay_temple_bridge_d

Skill      XL: |  1  2  3  4  5  6  7  8 |
---------------+-------------------------+-----
Dodging        | 2 3 4 |  4.9
Stealth        | 2 3 |  3.3
Fighting       | 1 2 4 5 6 |  6.7
Necromancy     | 5 6 7 |  7.2
Spellcasting   | 3 4 5 |  5.0

Action                     |  1- 3 |  4- 6 |  7- 9 || total
---------------------------+-------+-------+-------++-------
  Melee: Unarmed           |     2 |       |       ||     2
         Spear             |    16 |     8 |       ||    24
         Dagger            |       |    35 |    45 ||    80
         Punch             |       |     1 |       ||     1
         Touch             |       |     1 |    13 ||    14
         Whip              |       |       |    37 ||    37
   Cast: Necrotise         |    80 |    85 |    86 ||   251
         Vampiric Draining |       |     6 |    29 ||    35
    Use: Scroll            |       |       |     3 ||     3
   Stab: Distracted        |       |       |     1 ||     1
         Sleeping          |       |       |     1 ||     1
 Armour: Robe              |    23 |    46 |       ||    69
         Steam dragon scal |       |    22 |   105 ||   127
  Dodge: Dodged            |    11 |    74 |    82 ||   167
